 Dungeon Crawl Stone Soup version 0.22-a0-407-gb098539405 (webtiles) character file.

1363 D1HalberdGnoll the Covert (level 8, -1/60 HPs)
             Began as a Vampire Assassin on May 9, 2018.
             Was an Initiate of Yredelemnul.
             Slain by a worker ant (7 damage)
             ... on level 5 of the Dungeon.
             The game lasted 00:14:26 (5735 turns).

D1HalberdGnoll the Covert (Vampire Assassin)        Turns: 5735, Time: 00:14:27

Health: -1/60      AC: 10    Str: 10    XL:     8   Next: 38%
Magic:  8/8        EV: 12    Int: 13    God:    Yredelemnul [......]
Gold:   203        SH:  8    Dex: 18    Spells: 7/7 levels left

rFire    + + .     SeeInvis +   a - +0 falchion
rCold    + . .     Gourm    .   n - +3 buckler of Qiqecw Naziq {rElec rF+}
rNeg     + + .     Faith    .   h - +1 ring mail
rPois    +         Spirit   .   (helmet restricted)
rElec    +         Reflect  .   t - +0 cloak
rCorr    .         Harm     .   g - +1 pair of gloves
MR       ++...                  q - +0 pair of boots
Stlth    +++++.....             (no amulet)
HPRegen  0.10/turn              j - ring of protection from fire
MPRegen  0.11/turn              k - ring of protection from magic

@: lethally poisoned (-1 -> -4), regenerating slowly
A: fangs 3, hooves 1, horns 1, see invisible, magic resistance 1, poison
resistance, unbreathing
a: Bat Form, Renounce Religion


You were on level 5 of the Dungeon.
You worshipped Yredelemnul.
Yredelemnul was noncommittal.
You were very thirsty.

You visited 2 branches of the dungeon, and saw 7 of its levels.

You collected 203 gold pieces.

Inventory:

Hand Weapons
 a - a +0 falchion (weapon)
 b - a +0 blowgun
Missiles
 e - a poisoned needle
 f - a curare-tipped needle
Armour
 g - a +1 pair of gloves (worn)
 h - a +1 ring mail (worn)
 n - the +3 buckler of Qiqecw Naziq (worn) {rElec rF+}
   (You found it on level 4 of the Dungeon)

   It protects you from fire.
   It insulates you from electricity.
 q - a +0 pair of boots (worn)
 t - a +0 cloak (worn)
Jewellery
 j - a ring of protection from fire (left hand)
 k - a ring of protection from magic (right hand)
Scrolls
 c - 4 scrolls of identify
 i - a scroll of fear
 m - a scroll of magic mapping {unknown}
 o - a scroll of enchant weapon {unknown}
 p - a scroll of random uselessness {unknown}
 s - a scroll of amnesia {unknown}
Potions
 r - a potion of lignification


   Skills:
 + Level 4.2 Fighting
   Level 2.1(3.0) Short Blades
 * Level 2.7(3.1) Long Blades
 + Level 4.3 Throwing
 - Level 2.6 Armour
 - Level 3.8 Dodging
 + Level 9.4 Stealth
 + Level 1.7 Shields


You had 7 spell levels left.
You didn't know any spells.

Dungeon Overview and Level Annotations

Branches:
Dungeon (6/15)             Temple (1/1) D:4

Altars:
Ashenzari
Cheibriados
Dithmenos
Elyvilon
Fedhas
Gozag
Hepliaklqana
Kikubaaqudgha
Makhleb
Nemelex Xobeh
Okawaru
Qazlal
Ru
Sif Muna
Trog
Uskayaw
Vehumet
Wu Jian
Xom
Yredelemnul
The Shining One

Annotations:
D:2 exclusion: 2 downstairs


Innate Abilities, Weirdness & Mutations

You heal slowly.
You have razor-sharp teeth.
You have supernaturally acute eyesight. (SInv)
You can survive without breathing.
You have large cloven feet.
You have a pair of small horns on your head.
You are resistant to hostile enchantments. (MR+)
Your system is resistant to poisons. (rPois)


Message History

You hit the worker ant but do no damage.
The worker ant is moderately wounded.
You feel sick. You block the worker ant's attack.
Your unliving flesh cannot be transformed in this way.
It was a potion of mutation.
You feel extremely strange.
You feel resistant to hostile enchantments.
A pair of horns grows on your head!
Your feet thicken and deform.
You feel resistant to poisons. The worker ant bites you.
* * * LOW HITPOINT WARNING * * *
You hit the worker ant but do no damage.
The worker ant is moderately wounded.
The worker ant bites you but does no damage.
The worker ant bites you.
* * * LOW HITPOINT WARNING * * *
You hit the worker ant. You headbutt the worker ant.
The worker ant is severely wounded.
The worker ant bites you!
You die...
Yredelemnul claims you as an undead slave.

...#...#.#####.#.#.# #####.......
...#.#...........#.##############
.#.#.#.#.######..#.......###
)#.#.#.#.# #............#
)#.#.#.#.# #............#
)#.#.#.#.# ##...........#
.#.#.#.#.# #...........#
.#.#.#.#.# #a).........#
##.#.#.#.# #@..........#
#.#.#.#.# ##.....^....# #.#.#.#.#
#..........# #.#...#.#
#..........# ##.#####.#
#..........# .#.......#
#..........# .#########
#........).#
.#######################.###
.........................#


You could see a worker ant.

Vanquished Creatures
  Grinder (D:4)
  Sigmund (D:3)
  Menkaure (D:5)
  Edmund (D:5)
  3 vampire bats (D:2)
  A howler monkey (D:5)
  A crimson imp (D:5)
  2 hounds
  Crazy Yiuf (D:5)
  3 orc priests (D:3)
  3 orc wizards
  A bullfrog skeleton (D:5)
  2 worker ants (D:5)
  A hound skeleton (D:4)
  4 gnolls (D:5)
  8 adders
  2 oozes (D:1)
  3 adder skeletons
  2 dart slugs
  6 worms
  5 leopard geckos
  9 orcs
  6 bats
  2 bat skeletons (D:2)
  4 bat zombies (D:2)
  3 giant cockroaches
  10 hobgoblins
  6 jackals
  8 kobolds
  2 quokkas
  A frilled lizard (D:4)
  7 goblins
  A jackal skeleton (D:4)
  A leopard gecko skeleton (D:4)
  4 rats
116 creatures vanquished.

Notes
Turn   | Place    | Note
-------+----------+-------------------------------------------
     0 | D:1      | D1HalberdGnoll the Vampire Assassin began the quest for the Orb.
     0 | D:1      | Reached XP level 1. HP: 16/16 MP: 1/1
    44 | D:1      | Reached XP level 2. HP: 22/22 MP: 2/2
   245 | D:1      | Reached XP level 3. HP: 27/27 MP: 3/3
   694 | D:2      | Reached skill level 1 in Armour
   695 | D:2      | Found an ancient bone altar of Kikubaaqudgha.
   699 | D:2      | Reached XP level 4. HP: 34/34 MP: 4/4
   702 | D:2      | Reached XP level 5. HP: 39/39 MP: 5/5
   898 | D:2      | Noticed a hand axe
   899 | D:2      | Found a hide-covered altar of Uskayaw.
   900 | D:2      | Noticed a dagger
   942 | D:2      | Reached skill level 6 in Stealth
  1147 | D:2      | Found a faded altar of an unknown god.
  1272 | D:3      | Noticed Grinder
  1320 | D:3      | Noticed Sigmund
  1332 | D:3      | Killed Sigmund
  1332 | D:3      | Reached skill level 7 in Stealth
  1332 | D:3      | Reached XP level 6. HP: 44/47 MP: 6/6
  1349 | D:3      | Found a stormy altar of Qazlal.
  1351 | D:3      | Found a snail-covered altar of Cheibriados.
  1355 | D:3      | Found a shattered altar of Ashenzari.
  2005 | D:3      | Reached XP level 7. HP: 32/52 MP: 7/7
  2553 | D:4      | Reached skill level 8 in Stealth
  2654 | D:4      | Killed Grinder
  2746 | D:4      | Got a fine buckler
  2752 | D:4      | Identified the +3 buckler of Qiqecw Naziq {rElec rF+} (You found it on level 4 of the Dungeon)
  3150 | D:4      | Found a staircase to the Ecumenical Temple.
  3159 | Temple   | Entered the Ecumenical Temple
  3339 | Temple   | Became a worshipper of Yredelemnul the Dark
  3410 | D:5      | Entered Level 5 of the Dungeon
  3624 | D:5      | Reached skill level 9 in Stealth
  3747 | D:5      | Reached skill level 1 in Long Blades
  3798 | D:5      | Reached XP level 8. HP: 47/60 MP: 8/8
  3904 | D:5      | Noticed Menkaure
  3939 | D:5      | Killed Menkaure
  3939 | D:5      | Reached skill level 1 in Shields
  5098 | D:5      | Found a runed door.
  5478 | D:5      | Noticed Crazy Yiuf
  5491 | D:5      | Killed Crazy Yiuf
  5696 | D:6      | Noticed Edmund
  5729 | D:5      | Killed Edmund
  5733 | D:5      | Gained mutation: You are resistant to hostile enchantments. (MR+) [potion of mutation]
  5733 | D:5      | Gained mutation: You have a pair of small horns on your head. [potion of mutation]
  5733 | D:5      | Gained mutation: You have large cloven feet. [potion of mutation]
  5733 | D:5      | Gained mutation: Your system is resistant to poisons. (rPois) [potion of mutation]
  5735 | D:5      | Slain by a worker ant

Vault maps used:
D:1:      erik_arrival_gehennom
D:2:      kennysheep_vampire_church, dancing_weapons_uskayaw,
          chequers_ecumenical_altar_twisty
D:3:      minitemple, uniq_grinder, uniq_sigmund
D:4:      temple_statues, first_ration
D:5:      kennysheep_generic_room_8, uniq_crazy_yiuf_cottage, uniq_menkaure
D:6:      uniq_edmund
Temple:   nicolae_temple_elliptical

Skill      XL: |  1  2  3  4  5  6  7  8 |
---------------+-------------------------+-----
Fighting       | 2 3 4 |  4.2
Throwing       | 2 3 4 |  4.3
Armour         | 1 2 |  2.6
Dodging        | 2 3 |  3.8
Stealth        | 7 9 |  9.4
Long Blades    | 1 2 |  2.7
Shields        | 1 |  1.7
Short Blades   | |  2.1

Action                   |  1- 3 |  4- 6 |  7- 9 || total
-------------------------+-------+-------+-------++-------
Melee: Dagger            |    54 |   161 |   170 ||   385
       Bite              |     2 |    13 |    44 ||    59
       Falchion          |       |       |   188 ||   188
       Headbutt          |       |       |     1 ||     1
 Fire: Blowgun           |     8 |    21 |    14 ||    43
 Abil: End Transformatio |     1 |       |     1 ||     2
       Bat Form          |     1 |       |     1 ||     2
  Use: Potion            |     2 |     5 |     6 ||    13
       Scroll            |     1 |     1 |     3 ||     5
 Stab: Sleeping          |    17 |     5 |     9 ||    31
       Invisible         |       |       |     2 ||     2
  Eat: Corpse            |       |     8 |     5 ||    13
Armor: Robe              |    17 |       |       ||    17
       Leather armour    |       |    34 |     2 ||    36
       Ring mail         |       |       |    78 ||    78
       Skin              |       |       |     6 ||     6
Dodge: Dodged            |    33 |    81 |   152 ||   266
Block: Buckler           |       |       |    74 ||    74
       Rpst.: Falchion   |       |       |    40 ||    40

Table legend:
 A = Spawn XP
 B = Non-spawn XP
 C = Spawn XP percentage of total XP
 D = Spawn monster count
 E = Non-spawn monster count
 F = Spawn count percentage of total count
 G = Total turns spent on level
                    A         B        C        D         E        F      G
               +---------+---------+-------+---------+---------+-------+---------
         Total |       0 |    1948 |   0.0 |       0 |     116 |   0.0 |  5735
               +---------+---------+-------+---------+---------+-------+---------
           D:1 |       0 |      52 |   0.0 |       0 |      23 |   0.0 |   624
           D:2 |       0 |     240 |   0.0 |       0 |      26 |   0.0 |   851
           D:3 |       0 |     500 |   0.0 |       0 |      30 |   0.0 |   946
           D:4 |       0 |     456 |   0.0 |       0 |      17 |   0.0 |   798
           D:5 |       0 |     700 |   0.0 |       0 |      20 |   0.0 |  2310
               +---------+---------+-------+---------+---------+-------+---------
